 Dungeon Crawl Stone Soup version 0.17.0-9-g801d43b (webtiles) character file.

332330 RKaid the Executioner (level 20, -8/198 HPs)
             Began as a Minotaur Berserker on Nov 9, 2015.
             Was the Champion of Trog.
             Killed from afar by Margery (61 damage)
             ... with a fireball
             ... on level 1 of the Depths on Nov 10, 2015.
             The game lasted 02:54:12 (48181 turns).

RKaid the Executioner (Minotaur Berserker)         Turns: 48181, Time: 02:54:12

Health: -8/198     AC: 27    Str: 25    XL:     20   Next: 89%
Magic:  8/8        EV: 29    Int:  4    God:    Trog [******]
Gold:   741        SH:  0    Dex: 18    Spells: 0 memorised, 19 levels left

rFire  . . .     SeeInvis +     a - +6 executioner's axe (antimagic)
rCold  + . .     Clarity  .     C - +2 pearl dragon armour
rNeg   + . .     SustAt   .     (shield currently unavailable)
rPois  +         Gourm    .     P - +1 hat {SInv}
rElec  +         Spirit   .     A - +2 cloak {rPois}
rCorr  .         Warding  .     t - +0 pair of gloves
rMut   +         Stasis   .     v - +0 pair of boots
MR     +....                    s - amulet of resist mutation
Stlth  ..........               R - ring of Modesty {+Fly rElec Str+2}
                                i - +5 ring of evasion

@: about to teleport, somewhat resistant to hostile enchantments, extremely
unstealthy
A: retaliatory headbutt, horns 2, icy blue scales 1, cold resistance 1
a: Berserk, Trog's Hand, Brothers in Arms, Burn Spellbooks, Renounce Religion,
Evoke Flight
}: 2/15 runes: decaying, gossamer


You were on level 1 of the Depths.
You worshipped Trog.
Trog was exalted by your worship.
You were not hungry.

You visited 7 branches of the dungeon, and saw 40 of its levels.
You visited the Abyss 1 time.
You also visited: Ice Cave.

You collected 4631 gold pieces.
You spent 3890 gold pieces at shops.

Inventory:

Hand Weapons
 a - a +6 antimagic executioner's axe (weapon)
 b - a +4 executioner's axe of electrocution
 w - a +1 broad axe of flaming
 E - a +5 broad axe of protection
 N - the +11 battleaxe "Loopy" {holy, *Noise rPois MR- Int+4}
   (Trog gifted it to you on level 3 of the Spider Nest)

   It has been blessed by the Shining One to cause great damage to the undead
   and demons.
   It affects your intelligence (+4).
   It protects you from poison.
   It affects your resistance to hostile enchantments.
   It may make noises in combat.
 W - a +1 executioner's axe of freezing
Missiles
 B - 2 javelins of penetration
 M - 4 poisoned javelins
 Q - 2 steel javelins (quivered)
Armour
 g - the +2 pair of gloves of Learao {rElec rPois rC+ MR-}
   (You bought it in a shop on level 4 of the Vaults)

   It protects you from cold.
   It insulates you from electricity.
   It protects you from poison.
   It affects your resistance to hostile enchantments.
 p - a +2 buckler of cold resistance
 t - a +0 pair of gloves (worn)
 v - a +0 pair of boots (worn)
 A - a +2 cloak of poison resistance (worn)
 C - a +2 pearl dragon armour (worn)
 F - a +1 troll leather armour
 J - the +2 shield of Resistance {rF+ rC+ MR+}
   (You acquired it on level 2 of the Vaults)

   It protects you from fire.
   It protects you from cold.
   It affects your resistance to hostile enchantments.
 P - a +1 hat of see invisible (worn)
Jewellery
 i - a +5 ring of evasion (left hand)
 s - an amulet of resist mutation (around neck)
 D - an uncursed amulet of the gourmand
 I - the ring of the Equinox {rF+ Stlth+}
   (You found it in an ice cave)

   [ring of stealth]

   It protects you from fire.
   It makes you more stealthy.
 R - the ring of Modesty (right hand) {+Fly rElec Str+2}
   (You bought it in a shop on level 15 of the Dungeon)

   [ring of flight]

   It affects your strength (+2).
   It insulates you from electricity.
   It lets you fly.
 Z - a +2 ring of protection
Wands
 k - a wand of cold (4)
 y - a wand of teleportation (5)
 H - a wand of hasting (3)
 K - a wand of teleportation (2)
 L - a wand of digging (5)
 X - a wand of teleportation (0)
Scrolls
 e - 13 scrolls of identify
 f - 7 scrolls of enchant weapon
 m - 5 scrolls of magic mapping
 o - a scroll of silence
 q - 25 scrolls of remove curse
 x - 6 scrolls of teleportation
 G - 4 scrolls of fear
 O - 6 scrolls of recharging
 S - 2 scrolls of fog
Potions
 c - a potion of curing
 d - 2 potions of invisibility
 h - 2 potions of brilliance
 j - 3 potions of agility
 l - 5 potions of flight
 n - a potion of berserk rage
 r - 3 potions of resistance
 T - 2 potions of haste
 U - 2 potions of might
 V - a potion of cancellation
Comestibles
 u - 15 meat rations


   Skills:
 - Level 21.3 Fighting
 + Level 25.4 Axes
 - Level 5.2 Throwing
 - Level 14.6 Armour
 - Level 18.9 Dodging
 + Level 2.9 Shields
 - Level 7.5 Evocations


You had 19 spell levels left.
You didn't know any spells.

Dungeon Overview and Level Annotations

Branches:
Dungeon (15/15)              Lair (8/8) D:11          Swamp (4/4) Lair:4
 Spider (4/4) Lair:6        Slime (0/6) Lair:7          Orc (4/4) D:11
    Elf (0/3) Orc:3        Vaults (4/5) D:14          Crypt (0/3) Vaults:3
 Depths (1/5) D:15
 Temple: D:4-7

Altars:
Ashenzari
Cheibriados
Dithmenos
Elyvilon
Fedhas
Gozag
Qazlal
Ru
Trog
Vehumet
Zin
The Shining One
Beogh
Jiyva
Lugonu

Shops:
D:15 *   Orc:1 *   Orc:2 [   Vaults:1 (   Vaults:2 *   Vaults:3 ?
Vaults:4 ([}([

Annotations:
D:13 exclusion: 2 statues
Lair:3 exclusion: oklob plant
Swamp:4 Lernaean hydra
Spider:4 1 exclusion
Orc:4 Donald
Depths:1 Mara, Margery


Innate Abilities, Weirdness & Mutations

You reflexively headbutt those who attack you in melee.
You have a pair of horns on your head.
You are partially covered in icy blue scales (AC +1).
Your flesh is cold resistant.


Message History

Margery is moderately wounded.
You slash the hell knight!
The hell knight's magic leaks into the air.
The hell knight is heavily wounded.
Your pearl dragon armour prevents you from hitting the hell knight.
The hell knight is lightly wounded.
Margery closely misses you.
The hell knight hits you with an enchanted great sword!
Read which item? (? for menu, Esc to quit)
As you read the scroll of teleportation, it crumbles to dust.
You feel strangely unstable.
The hell knight gestures at you while chanting.
Pain shoots through your body!
* * * LOW HITPOINT WARNING * * *
The hell knight points at you and mumbles some strange words.
The bolt of fire hits you!
* * * LOW HITPOINT WARNING * * *
Margery gestures at you while chanting.
The fireball explodes!
The fireball engulfs you!
You die...

..# #........# .#
... ..####........#
.#....
...((((.......#
.#..
....))........# ...
......###.###.###.#
...)..# #.# #.....#
####).# #.# ###...#
##.# #.# #...# #.#
#.# #.@.# #.# #.#
##...# ..# #.#
#.pp@# .# #.#
#..p.# .. ......R#
.# ##.......
#........
#.........
#..........


You could see Margery, Mara, 2 hell knights and a necromancer (invisible).

Vanquished Creatures
  Saint Roka (Vaults:1)
  Nikola (Spider:1)
  A profane servitor (Abyss:3)
  Rupert (Orc:3)
  2 sphinxes (Vaults:3)
  7 tentacled starspawn (Abyss:3)
  Gastronok (Lair:3)
  The ghost of Kloppie the Warrior, an adept MiFi of Elyvilon (Swamp:4)
  Agnes (Spider:4)
  3 thorn hunters
  Kirke (Spider:3)
  2 daevas (Abyss:3)
  5 ghost moths
  2 frost giants (Vaults:4)
  Aizul (Vaults:1)
  8 vault wardens
  A cacodemon (Abyss:3)
  6 emperor scorpions (Spider:4)
  8 ironheart preservers
  4 very ugly things
  5 stone giants
  2 deep elf demonologists
  Nessos (D:15)
  2 salamander stormcallers
  A dire elephant (Lair:7)
  An ettin (shapeshifter) (Vaults:1)
  A green death (Abyss:3)
  A deep elf death mage (Vaults:2)
  7 vault guards
  An ettin (Vaults:3)
  A fire dragon (Vaults:3)
  Josephine (Orc:3)
  5 yaktaur captains
  Fannar (Lair:1)
  4 great orbs of eyes
  A ghost crab (Swamp:4)
  Harold (Orc:3)
  3 rakshasas
  An ice dragon (Vaults:3)
  An entropy weaver (Spider:4)
  6 centaur warriors
  A death knight (Abyss:3)
  A queen ant (Lair:6)
  9 alligators
  22 hydras
  4 death yaks
  7 ogre magi
  A tengu warrior (D:14)
  2 hell hogs (Abyss:3)
  A vampire mage (Abyss:3)
  3 deep troll shamans
  10 thrashing horrors (Abyss:3)
  A hell knight (Depths:1)
  A soul eater (Abyss:3)
  Sonja (Lair:1)
  A sun demon (Abyss:1)
  A deep troll (shapeshifter) (Vaults:1)
  8 wretched stars
  3 skeletal warriors (Vaults:2)
  6 spatial maelstroms
  4 unseen horrors
  A storm dragon zombie (Vaults:1)
  An ice devil (Abyss:1)
  2 deep elf knights
  8 hill giants
  2 iron trolls (Depths:1)
  2 shambling mangroves (Swamp:2)
  10 deep trolls
  A swamp dragon (shapeshifter) (Vaults:1)
  9 swamp dragons
  A shadow wraith (Abyss:3)
  2 flayed ghosts
  A phantasmal warrior (D:14)
  5 ironbrand convokers
  A tengu zombie (Vaults:1)
  6 necromancers
  A mana viper (Abyss:3)
  9 cyclopes
  2 hill giants (shapeshifter)
  2 harpies (shapeshifter)
  A shining eye (shapeshifter) (Vaults:2)
  The ghost of SkyBlueFox the Chopper, a novice DsWn of Okawaru (D:6)
  A human zombie (Vaults:1)
  14 orb spiders
  A deep elf conjurer (Vaults:4)
  5 harpies (Vaults:2)
  10 orc knights
  7 manticores
  3 sixfirhies
  2 orc sorcerers
  26 wolf spiders
  5 griffons
  11 elephants
  A fire giant zombie (Abyss:3)
  A black mamba (shapeshifter) (D:15)
  An orange demon (Abyss:3)
  Maurice (D:8)
  A stone giant skeleton (Vaults:4)
  25 ugly things
  8 hornets
  6 worldbinders
  The ghost of RKaid the Covered, a novice MiFi (D:4)
  9 vault sentinels
  A fire giant skeleton (Vaults:4)
  2 moths of wrath
  10 torpor snails
  2 ice statues (IceCv)
  2 gargoyles
  A torpor snail (shapeshifter) (Abyss:2)
  Psyche (D:9)
  3 apocalypse crabs
  2 black mambas
  5 smoke demons (Abyss:3)
  2 hellwings
  23 spiny frogs
  12 demonic crawlers
  A fire drake (shapeshifter) (D:14)
  8 ancient zymes
  A redback zombie (D:15)
  A fire drake (Lair:5)
  A hellion (Abyss:3)
  9 komodo dragons
  A yaktaur skeleton (Vaults:4)
  26 large abominations
  3 deep elf priests
  3 freezing wraiths
  2 spriggan druids
  49 yaktaurs
  An efreet (Abyss:3)
  A tengu conjurer (D:14)
  6 trolls
  17 jumping spiders
  A tormentor (Abyss:1)
  A polar bear (shapeshifter) (Abyss:3)
  A shadow dragon simulacrum (Vaults:3)
  17 blink frogs
  6 giant leeches
  A polar bear (Lair:4)
  A blink frog (shapeshifter) (D:15)
  A fire giant simulacrum (Vaults:4)
  21 raiju (Abyss:3)
  30 slime creatures
  A raiju (shapeshifter) (D:14)
  13 two-headed ogres
  A hornet zombie (D:14)
  A boulder beetle (Vaults:4)
  A frost giant simulacrum (Abyss:3)
  5 bog bodies
  A vampire (Swamp:1)
  22 trapdoor spiders
  4 deep elf magi
  8 shadows
  Sigmund (D:2)
  35 starcursed masses (Abyss:3)
  31 redbacks
  11 wraiths
  The ghost of mathias the Cudgeler, an amateur TrBe of Okawaru (D:3)
  3 basilisks
  5 flying skulls (Abyss:3)
  A spriggan (shapeshifter) (Vaults:4)
  5 wyverns
  4 ynoxinuls
  2 hogs (Spider:3)
  41 vampire mosquitoes
  7 spriggans
  4 neqoxecs (Abyss:3)
  36 yaks
  5 hippogriffs
  A steam dragon (D:12)
  7 deep elf fighters
  A hungry ghost (D:13)
  2 chaos spawn (Abyss:3)
  20 tarantellas
  5 fire bats (Abyss:3)
  9 wargs
  8 insubstantial wisps
  2 spatial vortices
  4 mottled dragons
  18 wolves
  A human simulacrum (Vaults:4)
  A harpy simulacrum (Abyss:3)
  5 hell hounds (Abyss:3)
  11 soldier ants
  8 porcupines
  13 swamp worms
  28 orc warriors
  32 ogres
  A sky beast (shapeshifter) (Vaults:1)
  35 spiders
  13 wasps
  A black bear (shapeshifter) (Vaults:1)
  11 swamp drakes
  10 water moccasins
  30 ice beasts
  A black bear (Lair:4)
  2 sky beasts
  A snapping turtle zombie (Abyss:3)
  A phantom (D:13)
  A necrophage (D:13)
  6 big kobolds
  13 centaurs
  14 crocodiles
  A brain worm (D:12)
  13 giant frogs
  2 wyvern skeletons (D:14)
  5 scorpions
  An electric eel (Lair:4)
  10 killer bees
  29 small abominations
  10 quasits
  19 wights
  6 crimson imps
  3 giant frog zombies
  2 centaur zombies
  A wasp zombie (D:9)
  24 orc priests
  2 iron imps (Abyss:3)
  12 jellies
  Crazy Yiuf (D:4)
  7 hounds
  2 centaur skeletons
  Jessica (D:3)
  An elf skeleton (Vaults:1)
  A boulder beetle simulacrum (Vaults:1)
  24 orc wizards
  52 worker ants
  9 iguanas
  7 hell rats (Lair:4)
  4 sheep (D:13)
  A hound zombie (D:5)
  2 hound skeletons
  2 worker ant zombies
  8 gnolls
  48 river rats
  10 adders
  2 white imps (Abyss:3)
  6 shadow imps
  13 oozes (Lair:2)
  4 ufetubi
  4 adder skeletons
  2 worms (D:3)
  4 giant geckos
  164 orcs
  A ball python (D:2)
  5 bats
  9 goblins
  8 hobgoblins
  11 jackals
  33 kobolds
  3 quokkas
  4 giant cockroaches
  A giant gecko skeleton (D:5)
  2 giant newts
  A quokka skeleton (D:3)
  5 rats
  A fungus (Lair:2)
  2 lurking horrors (Abyss:3)
  6 plants
  4 starspawn tentacles (Abyss:3)
1854 creatures vanquished.

Vanquished Creatures (collateral kills)
  2 ice dragons (IceCv)
  An orange demon (Abyss:3)
  A raiju (Abyss:3)
  A hippogriff (Lair:8)
  A water moccasin (Lair:8)
  A crocodile (Lair:8)
  A snapping turtle simulacrum (Abyss:3)
  2 starcursed masses (Abyss:3)
  2 starspawn tentacles (Abyss:3)
12 creatures vanquished.

Vanquished Creatures (others)
  A thrashing horror (Abyss:3)
  A swamp dragon (Swamp:4)
  A two-headed ogre (Vaults:1)
  3 humans (Spider:4)
  An ogre (Vaults:1)
  A white imp (Abyss:3)
  A worm (D:2)
  A hobgoblin (D:2)
  3 briar patches (Swamp:4)
  14 fungi
  3 lurking horrors
  3 plants
  39 starspawn tentacles
  205 starspawn tentacle segments (Abyss:3)
  9 toadstools (Swamp:1)
286 creatures vanquished.

Grand Total: 2152 creatures vanquished

Notes
Turn   | Place    | Note
--------------------------------------------------------------
     0 | D:1      | RKaid the Minotaur Berserker began the quest for the Orb.
     0 | D:1      | Reached XP level 1. HP: 19/19 MP: 0/0
   300 | D:1      | Reached XP level 2. HP: 25/27 MP: 1/1
   485 | D:1      | Reached skill level 4 in Fighting
  1095 | D:2      | Reached XP level 3. HP: 30/33 MP: 2/2
  1112 | D:2      | Noticed Sigmund
  1165 | D:2      | Found a radiant altar of Vehumet.
  1289 | D:2      | Reached ** piety under Trog
  1507 | D:2      | Reached XP level 4. HP: 10/41 MP: 3/3
  2130 | D:3      | Found a glowing golden altar of the Shining One.
  2328 | D:3      | Noticed mathias's ghost (amateur TrBe)
  2346 | D:3      | Killed mathias's ghost
  2346 | D:3      | Reached skill level 5 in Fighting
  2346 | D:3      | Reached skill level 5 in Axes
  2346 | D:3      | Reached XP level 5. HP: 48/48 MP: 4/4
  2347 | D:3      | Reached XP level 6. HP: 56/56 MP: 5/5
  2566 | D:3      | You fall through a shaft for 2 floors!
  2566 | D:5      | Entered Level 5 of the Dungeon
  2566 | D:5      | Found a shattered altar of Ashenzari.
  2765 | D:5      | Reached skill level 6 in Fighting
  2812 | D:3      | Noticed Jessica
  2820 | D:3      | Killed Jessica
  2826 | D:3      | Identified Jessica's Papyrus of Darkness
  3156 | D:4      | Reached skill level 5 in Dodging
  3156 | D:4      | Reached XP level 7. HP: 62/64 MP: 6/6
  3302 | D:4      | Reached *** piety under Trog
  3505 | D:4      | Found Jemaf's Magic Scroll Shop.
  3537 | D:4      | Reached skill level 7 in Fighting
  3602 | D:4      | Noticed Crazy Yiuf
  3616 | D:4      | Killed Crazy Yiuf
  3745 | D:4      | Noticed RKaid's ghost (novice MiFi)
  3850 | D:4      | Killed RKaid's ghost
  3850 | D:4      | Reached XP level 8. HP: 59/74 MP: 7/7
  4084 | D:5      | Reached skill level 8 in Fighting
  4360 | D:5      | Found a snail-covered altar of Cheibriados.
  4360 | D:5      | Found a bloodstained altar of Trog.
  4986 | D:6      | Noticed SkyBlueFox's ghost (novice DsWn)
  5042 | D:6      | Killed SkyBlueFox's ghost
  5042 | D:6      | Reached XP level 9. HP: 82/82 MP: 8/8
  5235 | D:6      | Reached skill level 9 in Fighting
  5324 | D:7      | Found a white marble altar of Elyvilon.
  5333 | D:7      | Reached **** piety under Trog
  5342 | D:7      | Found a shadowy altar of Dithmenos.
  5361 | D:7      | Found a stormy altar of Qazlal.
  5991 | D:8      | Noticed Maurice
  6004 | D:8      | Reached skill level 10 in Axes
  6007 | D:8      | Reached skill level 10 in Fighting
  6065 | D:8      | Killed Maurice
  6065 | D:8      | Received a gift from Trog
  6251 | D:8      | Reached XP level 10. HP: 83/94 MP: 9/9
  6324 | D:8      | Received a gift from Trog
  6769 | D:8      | Found a shattered altar of Ashenzari.
  6874 | D:8      | Found a glowing silver altar of Zin.
  6875 | D:8      | Found an opulent altar of Gozag.
  6876 | D:8      | Reached skill level 11 in Axes
  6995 | D:9      | Reached skill level 10 in Dodging
  7128 | D:9      | Reached ***** piety under Trog
  7335 | D:9      | Noticed Psyche
  7351 | D:9      | Killed Psyche
  8273 | D:10     | Entered Level 10 of the Dungeon
  8551 | D:10     | Reached skill level 12 in Fighting
  8800 | D:10     | Reached XP level 11. HP: 104/104 MP: 10/10
  8862 | D:10     | Noticed a hill giant
  8875 | D:10     | Killed a hill giant
  9156 | D:10     | Noticed a hill giant
  9163 | D:10     | Killed a hill giant
  9506 | D:10     | Received a gift from Trog
 10474 | D:11     | Found a staircase to the Orcish Mines.
 10488 | D:11     | Found a staircase to the Lair.
 10596 | D:11     | Noticed a hill giant
 10604 | D:11     | Killed a hill giant
 10924 | Orc:1    | Entered Level 1 of the Orcish Mines
 11000 | Orc:2    | Found Oruy's Antique Armour Shop.
 11135 | Orc:2    | Found a frozen archway.
 11158 | Orc:2    | Reached skill level 13 in Axes
 11225 | IceCv    | Entered an ice cave
 11233 | IceCv    | Received a gift from Trog
 11690 | IceCv    | Noticed an ice dragon
 11690 | IceCv    | Noticed an ice dragon
 11705 | IceCv    | Killed an ice dragon
 11708 | IceCv    | Killed an ice dragon
 11708 | IceCv    | Reached XP level 12. HP: 63/115 MP: 3/11
 11746 | IceCv    | Got a glittering steel ring
 11851 | Orc:2    | Identified the ring of the Equinox {rF+ Stlth+} (You found it in an ice cave)
 12450 | Orc:1    | Found Gotef's General Store.
 12635 | Orc:3    | Noticed Rupert
 12649 | Orc:3    | Killed Rupert
 12649 | Orc:3    | Reached skill level 14 in Axes
 12691 | Orc:3    | Noticed Josephine
 12692 | Orc:3    | Received a gift from Trog
 12708 | Orc:3    | HP: 8/175 [Josephine/ghostly fireball (25)]
 12712 | Orc:3    | Killed Josephine
 12945 | Orc:3    | Noticed Harold
 12962 | Orc:3    | Killed Harold
 13201 | Orc:3    | Found a staircase to the Elven Halls.
 13372 | Orc:4    | Entered Level 4 of the Orcish Mines
 13381 | Orc:4    | Noticed Donald
 13464 | Lair:1   | Entered Level 1 of the Lair of Beasts
 13506 | Lair:1   | Noticed Sonja
 13535 | Lair:1   | Killed Sonja
 13774 | Lair:1   | Noticed Fannar
 14294 | Lair:1   | Killed Fannar
 14641 | Lair:2   | Noticed an eight-headed hydra
 14726 | Lair:2   | Reached skill level 15 in Axes
 14752 | Lair:2   | HP: 5/177 [14-headed hydra (8)]
 14807 | Lair:2   | Reached XP level 13. HP: 57/125 MP: 4/12
 15024 | Lair:2   | Reached skill level 15 in Fighting
 15098 | Lair:2   | Found a snail-covered altar of Cheibriados.
 15141 | Lair:2   | Received a gift from Trog
 15373 | Lair:2   | Killed a 12-headed hydra
 15373 | Lair:2   | Reached skill level 1 in Throwing
 16164 | Lair:3   | Found a blossoming altar of Fedhas.
 16284 | Lair:3   | Noticed Gastronok
 16299 | Lair:3   | Killed Gastronok
 16889 | Lair:4   | Found a staircase to the Swamp.
 17122 | Lair:4   | Received a gift from Trog
 18405 | Lair:5   | Reached skill level 16 in Axes
 18727 | Lair:6   | Found a hole to the Spider Nest.
 18735 | Lair:6   | Reached skill level 5 in Throwing
 18741 | Lair:6   | Received a gift from Trog
 19102 | Lair:6   | Reached skill level 15 in Dodging
 19590 | Lair:7   | Reached XP level 14. HP: 126/135 MP: 13/13
 19643 | Lair:7   | Received a gift from Trog
 19645 | Lair:7   | Reached ****** piety under Trog
 20214 | Lair:7   | Reached skill level 17 in Axes
 20278 | Lair:7   | Received a gift from Trog
 20403 | Lair:7   | Found a viscous altar of Jiyva.
 20403 | Lair:7   | Found a staircase to the Slime Pits.
 20451 | Lair:7   | Noticed a dire elephant
 20478 | Lair:7   | Killed a dire elephant
 20778 | Lair:8   | Entered Level 8 of the Lair of Beasts
 21333 | Spider:1 | Entered Level 1 of the Spider Nest
 21404 | Spider:1 | Noticed Nikola
 21895 | D:12     | Received a gift from Trog
 22073 | D:12     | Reached skill level 18 in Axes
 22114 | D:12     | Found a snail-covered altar of Cheibriados.
 22296 | D:12     | Reached skill level 5 in Armour
 22566 | D:12     | Found a runed door.
 23061 | D:2      | Killed Sigmund
 23342 | Orc:2    | Bought a runed pearl dragon armour for 2600 gold pieces
 23691 | D:13     | Received a gift from Trog
 23728 | D:13     | Reached XP level 15. HP: 141/141 MP: 4/14
 23732 | D:13     | Got a pitted leather armour
 23912 | D:13     | Found a roughly hewn altar of Beogh.
 24308 | D:14     | Identified the +2 leather armour of Leaves {Str+2 Int-5 Dex+2} (You found it on level 13 of the Dungeon)
 25294 | D:14     | Found a gate to the Vaults.
 25297 | D:14     | Reached skill level 19 in Axes
 25946 | Spider:1 | Received a gift from Trog
 26153 | Spider:1 | Upgraded the game from 0.17.0-8-gb983d21 to 0.17.0-9-g801d43b
 26197 | Spider:1 | Killed Nikola
 26347 | Spider:1 | Reached skill level 10 in Armour
 27372 | Spider:2 | Received a gift from Trog
 27792 | Spider:2 | Received a gift from Trog
 28009 | Spider:3 | Reached skill level 20 in Axes
 28026 | Spider:3 | Received a gift from Trog
 28152 | Spider:3 | Got a pitted battleaxe {god gift}
 28153 | Spider:3 | Identified the +11 battleaxe "Loopy" {holy, *Noise rPois MR- Int+4} (Trog gifted it to you on level 3 of the Spider Nest)
 28360 | Spider:3 | Reached XP level 16. HP: 149/149 MP: 15/15
 28507 | Spider:4 | Entered Level 4 of the Spider Nest
 28549 | Spider:4 | Noticed Kirke
 28563 | Spider:3 | Killed Kirke
 29143 | Spider:4 | Noticed Agnes
 29153 | Spider:4 | Killed Agnes
 29509 | Spider:4 | Received a gift from Trog
 30126 | Spider:4 | Reached skill level 21 in Axes
 30618 | Spider:4 | Got a gossamer rune of Zot
 31280 | Swamp:1  | Entered Level 1 of the Swamp
 31968 | Swamp:1  | Reached skill level 1 in Evocations
 32213 | Swamp:1  | Received a gift from Trog
 32548 | Swamp:2  | Reached XP level 17. HP: 146/156 MP: 5/17
 34648 | Swamp:4  | Entered Level 4 of the Swamp
 34722 | Swamp:3  | Received a gift from Trog
 34833 | Swamp:4  | Reached skill level 5 in Evocations
 34860 | Swamp:4  | Noticed Kloppie's ghost (adept MiFi)
 34910 | Swamp:4  | Killed Kloppie's ghost
 34958 | Swamp:4  | Noticed the 27-headed Lernaean hydra
 35290 | Swamp:4  | Got a decaying rune of Zot
 35690 | D:15     | Entered Level 15 of the Dungeon
 35704 | D:15     | Identified a -1 rod of clouds (14/14) (You found it on level 15 of the Dungeon)
 35991 | D:15     | Noticed Nessos
 36004 | D:15     | Killed Nessos
 36004 | D:15     | Received a gift from Trog
 36195 | D:15     | Found Hutzef's Assorted Antiques.
 36206 | D:15     | Bought a flickering steel ring for 175 gold pieces
 36207 | D:15     | Identified the ring of Modesty {+Fly rElec Str+2} (You bought it in a shop on level 15 of the Dungeon)
 36265 | D:15     | Found a staircase to the Depths.
 36406 | D:15     | Got a smoking silver ring
 36408 | D:15     | Identified the ring of Seegriad {rPois rF+ Str-3 Int+3 SInv} (You found it on level 15 of the Dungeon)
 36765 | Vaults:1 | Entered Level 1 of the Vaults
 36917 | Vaults:1 | Noticed Saint Roka
 37002 | Vaults:1 | Reached XP level 18. HP: 57/173 MP: 6/22
 37819 | Vaults:1 | Killed Saint Roka
 37969 | Vaults:1 | Received a gift from Trog
 38237 | Vaults:1 | Found Anirph's Weapon Shop.
 38250 | Vaults:1 | Noticed Aizul
 38280 | Vaults:1 | Killed Aizul
 38821 | Vaults:1 | Received a gift from Trog
 38974 | Vaults:2 | Gained mutation: You are partially covered in icy blue scales (AC +1). [potion of beneficial mutation]
 38989 | Vaults:2 | Reached skill level 22 in Axes
 39000 | Vaults:2 | Received a gift from Trog
 39642 | Vaults:2 | Gained mutation: Your flesh is cold resistant. [a shining eye]
 39672 | Vaults:2 | Received a gift from Trog
 40077 | Vaults:2 | Reached XP level 19. HP: 99/187 MP: 7/23
 40452 | Vaults:2 | Found Nyjaff's General Store.
 40479 | Vaults:3 | Found a staircase to the Crypt.
 40901 | Vaults:3 | Found a sacrificial altar of Ru.
 40936 | Vaults:3 | Reached skill level 23 in Axes
 41165 | Vaults:3 | Received a gift from Trog
 41723 | Vaults:3 | Found Numil's Magic Scroll Boutique.
 41729 | Vaults:3 | Bought a scroll of teleportation for 51 gold pieces
 41729 | Vaults:3 | Bought a scroll of enchant armour for 127 gold pieces
 42231 | Vaults:4 | Found Romn's Gadget Shoppe.
 42512 | Vaults:4 | Found Plog's Weapon Shoppe.
 42559 | Vaults:4 | Received a gift from Trog
 42592 | Vaults:4 | Found Kiynweug's Antique Armour Shop.
 42769 | Vaults:4 | Cast into the Abyss (a deep elf demonologist)
 43849 | Abyss:3  | Paralysed by accursed screaming for 1 turns
 44034 | Abyss:3  | Found a corrupted altar of Lugonu.
 44305 | Abyss:3  | Found a corrupted altar of Lugonu.
 44392 | Abyss:3  | Reached skill level 24 in Axes
 44735 | Abyss:3  | Reached XP level 20. HP: 101/198 MP: 8/24
 44760 | Abyss:3  | Received a gift from Trog
 45071 | Abyss:3  | HP: 1/198 [ettin simulacrum (14)]
 45533 | Abyss:3  | Paralysed by accursed screaming for 1 turns
 45540 | Abyss:3  | Paralysed by accursed screaming for 1 turns
 45830 | Abyss:3  | Paralysed by accursed screaming for 1 turns
 46590 | Abyss:3  | Reached skill level 25 in Axes
 46675 | Vaults:4 | Escaped the Abyss
 46735 | Vaults:4 | Received a gift from Trog
 47080 | Vaults:4 | Found Zoepp's Antique Armour Emporium.
 47125 | Vaults:4 | Found Vome's Antique Weapon Shop.
 47441 | Vaults:4 | Bought a pair of brightly glowing gloves for 313 gold pieces
 47451 | Vaults:4 | Identified the +2 pair of gloves of Learao {rElec rPois rC+ MR-} (You bought it in a shop on level 4 of the Vaults)
 47579 | Vaults:2 | Bought a scroll of acquirement for 624 gold pieces
 47836 | Depths:1 | Entered Level 1 of the Depths
 47892 | Depths:1 | Reached skill level 1 in Shields
 48007 | Depths:1 | Received a gift from Trog
 48150 | Depths:1 | Found a corrupted altar of Lugonu.
 48169 | Depths:1 | Noticed Margery
 48171 | Depths:1 | Noticed Mara
 48181 | Depths:1 | Killed from afar by Margery

Action                   |  1- 3 |  4- 6 |  7- 9 | 10-12 | 13-15 | 16-18 | 19-21 || total
-------------------------+-------+-------+-------+-------+-------+-------+-------++-------
Melee: Hand axe          |    64 |    98 |   281 |       |       |       |       ||   443
       War axe           |       |       |    49 |    65 |       |       |       ||   114
       Battleaxe         |       |       |       |   656 |   956 |   912 |       ||  2524
       Executioner's axe |       |       |       |     3 |   163 |   346 |  1043 ||  1555
       Halberd           |       |       |       |       |    70 |    84 |       ||   154
       Broad axe         |       |       |       |       |    16 |       |       ||    16
Throw: Javelin           |       |       |       |     2 |     4 |    21 |     7 ||    34
       Tomahawk          |       |       |       |       |    11 |       |       ||    11
Invok: Berserk           |     1 |     1 |     2 |     5 |     3 |     2 |     2 ||    16
       Burn Spellbooks   |       |     2 |       |       |     4 |     1 |       ||     7
       Brothers in Arms  |       |       |       |     3 |       |       |     2 ||     5
       Trog's Hand       |       |       |       |     4 |       |     3 |     6 ||    13
Evoke: Wand              |       |       |       |     1 |     2 |     7 |     1 ||    11
  Use: Scroll            |       |       |     9 |    21 |    16 |    10 |    10 ||    66
       Potion            |       |       |       |     5 |     1 |     5 |    14 ||    25
 Stab: Sleeping          |       |     1 |     1 |     2 |     2 |       |       ||     6
       Distracted        |       |       |       |       |     1 |       |     1 ||     2
       Held in net/web   |       |       |       |       |       |     1 |       ||     1
       Paralysed         |       |       |       |       |       |       |     1 ||     1
  Eat: Chunk             |     2 |     6 |     6 |     8 |    11 |    31 |     7 ||    71
       Fruit             |       |       |     2 |     3 |     9 |       |       ||    14
       Pizza             |       |       |     1 |       |     2 |     1 |       ||     4
       Beef jerky        |       |       |     3 |     1 |     3 |       |     5 ||    12
       Bread ration      |       |       |       |     6 |     4 |     4 |     3 ||    17
       Royal jelly       |       |       |       |       |     2 |     1 |       ||     3
       Meat ration       |       |       |       |       |       |     2 |       ||     2
